 Dungeon Crawl Stone Soup version 0.30.1-4-g462c640d31 (webtiles) character file.

Game seed: 12696384892470029966

536631 Babbit the Minotaur Barricade (level 24, -3/249 HPs)
             Began as a Minotaur Fighter on Aug 12, 2023.
             Was the Champion of Okawaru.
             Slain by a death cob (7 damage)
             ... on level 1 of the Realm of Zot.
             The game lasted 06:22:39 (54640 turns).

Babbit the Minotaur Barricade (Minotaur Fighter)   Turns: 54640, Time: 06:22:39

Health: -3/249     AC: 57    Str: 33 (34) XL:     24   Next: 60%
Magic:  0/28       EV:  8    Int: 17      God:    Okawaru [******]
Gold:   7671       SH:  0    Dex:  9      Spells: 23/23 levels left

rFire   + . .        j - +8 broad axe of the Extremes {heavy, rN+ Int+6 SInv}
rCold   . . .        V - +5 tower shield "Guapsef" {rElec Will++ Dex-4 SInv}
rNeg    + . .        N - +19 crystal plate armour of the Vaults {-Cast Str+2 Slay+2}
rPois   +            Y - +0 mask of the Dragon {Will+ Slay+3 SInv}
rElec   +            k - +1 cloak {Stlth+}
rCorr   .            v - +2 pair of gloves {hurl}
SInv    +            P - +1 pair of boots {rampage}
Will    ++++.        p - amulet of guardian spirit Stlth
                     D - ring "Idoy" {rPois rF+ Str+2 Int+6 Stlth-}
HPRegen 0.61/turn    w - +4 ring of slaying
MPRegen 0.21/turn

%: no spellcasting, random rage (3%), guardian spirit, rampage
@: confused, finesse-ful, slowed, constricted, studying Maces & Flails, very
slow
A: horns 2, retaliatory headbutt, berserk 1, deterioration 1, electricity
resistance
}: 3/15 runes: serpentine, barnacled, silver
a: Renounce Religion, Heroism, Finesse, Duel


You were on level 1 of the Realm of Zot.
You worshipped Okawaru.
Okawaru was exalted by your worship.
You visited 10 branches of the dungeon, and saw 44 of its levels.
You visited 1 bazaar.
You also visited: Trove, Sewer, Bailey and Ice Cave.

You collected 11125 gold pieces.
You spent 3454 gold pieces at shops.

Inventory:

Hand Weapons
 j - the +8 broad axe of the Extremes (weapon) {heavy, rN+ Int+6 SInv}
   (Okawaru gifted it to you on level 9 of the Dungeon)

   Int:       It affects your intelligence (+6).
   rN:        It protects you from negative energy.
   SInv:      It lets you see invisible.
 S - a +9 war axe of flaming
Missiles
 M - 9 silver boomerangs
 O - 21 javelins
Armour
 k - a +1 cloak of stealth (worn)
 v - a +2 pair of gloves of hurling (worn)
 B - the +3 hat of Broken Taboos {rCorr Int+3}
   (You acquired it on level 3 of the Depths)

   Int:       It affects your intelligence (+3).
   rCorr:     It protects you from acid and corrosion.
 N - the +19 crystal plate armour of the Vaults (worn) {-Cast Str+2 Slay+2}
   (Okawaru gifted it to you on level 2 of the Shoals)

   Str:       It affects your strength (+2).
   Slay:      It affects your accuracy & damage with ranged weapons and melee
   (+2).
   -Cast:     It prevents spellcasting.
 P - a +1 pair of boots of rampaging (worn)
 V - the +5 tower shield "Guapsef" (worn) {rElec Will++ Dex-4 SInv}
   (You acquired it on level 4 of the Lair of Beasts)

   Dex:       It affects your dexterity (-4).
   rElec:     It insulates you from electricity.
   SInv:      It lets you see invisible.
   Will:      It greatly increases your willpower.
 X - a +0 pair of boots of flying
 Y - the +0 mask of the Dragon (worn) {Will+ Slay+3 SInv}
   (You found it on level 1 of the Orcish Mines)

   Slay:      It affects your accuracy & damage with ranged weapons and melee
   (+3).
   SInv:      It lets you see invisible.
   Will:      It increases your willpower.
Jewellery
 a - a ring of willpower
 p - an amulet of guardian spirit (around neck)
 w - a +4 ring of slaying (right hand)
 z - the ring "Zypykuk" {Drain rF+ rC+ rCorr Int+3}
   (You bought it in a shop on level 1 of the Depths)

   [ring of protection from cold]

   Int:       It affects your intelligence (+3).
   rF:        It protects you from fire.
   rC:        It protects you from cold.
   rCorr:     It protects you from acid and corrosion.
   Drain:     It drains your maximum health when unequipped.
 D - the ring "Idoy" (left hand) {rPois rF+ Str+2 Int+6 Stlth-}
   (You found it on level 5 of the Lair of Beasts)

   [ring of intelligence]

   Str:       It affects your strength (+2).
   Int:       It affects your intelligence (+6).
   rF:        It protects you from fire.
   rPois:     It protects you from poison.
   Stlth:     It makes you less stealthy.
 F - the amulet "Laofoa" {Reflect Str+2 Dex+3 SH+5}
   (You bought it in a shop on level 4 of the Vaults)

   [amulet of reflection]

   It reflects blocked missile attacks.
   Str:       It affects your strength (+2).
   Dex:       It affects your dexterity (+3).
   SH:        It affects your SH (+5).
 L - a +4 ring of protection
 R - the ring "Umetohaa" {Wiz Str+3}
   (You found it in a treasure trove)

   [ring of wizardry]

   It improves your spell success rate.
   Str:       It affects your strength (+3).
Wands
 e - a wand of iceblast (50)
 h - a wand of digging (35)
 s - a wand of polymorph (27)
 C - a wand of flame (57)
 T - a wand of mindburst (23)
Scrolls
 c - 3 scrolls of fear
 f - 8 scrolls of blinking
 i - 5 scrolls of magic mapping
 l - 3 scrolls of amnesia
 m - 5 scrolls of fog
 u - 20 scrolls of teleportation
 y - 2 scrolls of enchant armour
 H - 3 scrolls of silence
 K - 2 scrolls of brand weapon
 W - 22 scrolls of identify
Potions
 b - 11 potions of flight
 d - 9 potions of might
 g - 3 potions of brilliance
 n - a potion of invisibility
 o - 7 potions of berserk rage
 q - 10 potions of haste
 t - 2 potions of heal wounds
 x - 16 potions of curing
 G - 6 potions of ambrosia
 I - a potion of magic
 Q - 6 potions of lignification
 U - 2 potions of resistance
 Z - a potion of cancellation
Miscellaneous
 r - a piece from Xom's chessboard (15/15)
 A - a condenser vane (quivered)


   Skills:
 O Level 27 Fighting
 O Level 27 Axes
 + Level 4.0 Throwing
 + Level 23.2 Armour
 + Level 10.3 Dodging
 + Level 4.3 Stealth
 O Level 27 Shields
 + Level 8.3 Invocations
 + Level 3.5 Evocations


You had 23 spell levels left.
You didn't know any spells.
Your spell library contained the following spells:

 Spells                   Type           Power      Damage    Failure   Level
 Apportation              Tloc           0%         N/A       82%         1
 Beastly Appendage        Tmut           0%         N/A       82%         1
 Foxfire                  Conj/Fire      0%         2x1d4     82%         1
 Kiss of Death            Conj/Necr      0%         2d5       82%         1
 Magic Dart               Conj           0%         1d3       82%         1
 Necrotise                Necr           0%         1d4       82%         1
 Sandblast                Erth           0%         2d4       82%         1
 Blink                    Tloc           0%         N/A       91%         2
 Ensorcelled Hibernation  Hex/Ice        0%         N/A       91%         2
 Passwall                 Tmut/Erth      0%         N/A       91%         2
 Poisonous Vapours        Pois/Air       0%         N/A       91%         2
 Scorch                   Fire           0%         2d5       91%         2
 Sublimation of Blood     Necr           0%         N/A       91%         2
 Wereblood                Tmut           0%         N/A       91%         2
 Confusing Touch          Hex            0%         N/A       99%         3
 Frozen Ramparts          Ice            0%         1d1       99%         3
 Hailstorm                Conj/Ice       0%         3d3       99%         3
 Ignite Poison            Fire/Tmut/Pois 0%         N/A       99%         3
 Inner Flame              Hex/Fire       0%         N/A       99%         3
 Mephitic Cloud           Conj/Pois/Air  0%         N/A       99%         3
 Ozocubu's Armour         Ice            0%         N/A       99%         3
 Spider Form              Tmut/Pois      0%         N/A       99%         3
 Stone Arrow              Conj/Erth      0%         3d7       99%         3
 Vhi's Electric Charge    Tloc/Air       0%         N/A       99%         3
 Anguish                  Hex/Necr       0%         N/A       100%        4
 Dispel Undead            Necr           0%         3d6       100%        4
 Flame Wave               Conj/Fire      0%         2d4       100%        4
 Ice Form                 Ice/Tmut       0%         N/A       100%        4
 Manifold Assault         Tloc           0%         N/A       100%        4
 Sticky Flame             Conj/Fire      0%         2d3       100%        4
 Alistair's Intoxication  Tmut/Pois      0%         N/A       100%        5
 Arcjolt                  Conj/Air       0%         1d10      100%        5
 Borgnjor's Vile Clutch   Necr/Erth      0%         N/A       100%        5
 Fireball                 Conj/Fire      0%         3d3       100%        5
 Freezing Cloud           Conj/Ice/Air   0%         6-21      100%        5
 Iskenderun's Battlesphe  Conj           0%         2d6       100%        5
 Eringya's Noxious Bog    Tmut/Pois      0%         N/A       100%        6
 Iron Shot                Conj/Erth      0%         9d1       100%        6
 Plasma Beam              Fire/Air       0%         2x1d11    100%        6
 Starburst                Conj/Fire      0%         6d3       100%        6
 Enfeeble                 Hex            0%         N/A       100%        7
 Ozocubu's Refrigeration  Ice            0%         4d7       100%        7
 Storm Form               Tmut/Air       0%         N/A       100%        7
 Ignition                 Fire           0%         3d3       100%        8
 Lehudib's Crystal Spear  Conj/Erth      0%         10d2      100%        8
 Maxwell's Capacitive Co  Air            0%         ∞         100%        8
 Polar Vortex             Ice            0%         N/A       100%        9
 Summon Small Mammal      Summ           Unusable   N/A       N/A         1
 Call Imp                 Summ           Unusable   N/A       N/A         2
 Call Canine Familiar     Summ           Unusable   N/A       N/A         3
 Summon Guardian Golem    Hex/Summ       Unusable   N/A       N/A         3
 Animate Armour           Summ/Erth      Unusable   N/A       N/A         4
 Simulacrum               Ice/Necr       Unusable   N/A       N/A         6
 Summon Cactus Giant      Summ           Unusable   N/A       N/A         6
 Spellforged Servitor     Conj/Summ      Unusable   N/A       N/A         7
 Summon Hydra             Summ           Unusable   N/A       N/A         7

Dungeon Overview and Level Annotations

Branches:
Dungeon (15/15)            Temple (1/1) D:4            Lair (5/5) D:10
 Shoals (4/4) Lair:3        Snake (4/4) Lair:3        Slime (0/5) Lair:5
    Orc (2/2) D:12            Elf (3/3) Orc:2        Vaults (5/5) D:14
  Crypt (0/3) Vaults:2     Depths (4/4) D:15            Zot (1/5) Depths:4
  Sewer (visited)          Bailey (visited)           IceCv (visited)

Altars:
Ashenzari
Cheibriados
Dithmenos
Gozag
Hepliaklqana
Kikubaaqudgha
Makhleb
Nemelex Xobeh
Okawaru
Qazlal
Ru
Sif Muna
Trog
Vehumet
Wu Jian
Xom
Yredelemnul
Zin
The Shining One
Jiyva
Lugonu

Shops:
D:2 (   D:4 [:(*   D:13 !   Orc:1 =   Orc:2 (:*[*   Elf:2 *(   Shoals:4 [
Snake:2 =   Snake:3 *   Vaults:1 !   Vaults:2 :   Vaults:3 (   Vaults:4 =(=[[
Vaults:5 [[   Depths:1 (=   Depths:3 =:=

Portals:
Hell: Depths:1 Depths:2 Depths:3 Depths:4
Abyss: Depths:1 Depths:3
Pandemonium: Depths:2
Ziggurat: Depths:3

Annotations:
Depths:2 exclusion: ice statue


Innate Abilities, Weirdness & Mutations

You have a pair of horns on your head.
You reflexively headbutt those who attack you in melee.
You sometimes lose your temper in combat.
Your body sometimes deteriorates upon taking damage.
You are resistant to electric shocks. (rElec)


Message History

* * * LOW HITPOINT WARNING * * *
The green draconian hits you but does no damage.
The black draconian hits you but does no damage.
The storm dragon barely misses you. x2
The storm dragon tramples you but does no damage.
The moth of wrath goads the storm dragon on!
The storm dragon goes berserk!
The death cob hits you but does no damage.
The storm dragon bites you but does no damage.
The storm dragon barely misses you. The storm dragon tramples you.
* * * LOW HITPOINT WARNING * * *
You are held in place!
The tentacled monstrosity tentacle-slaps you but does no damage. x2
The tentacled monstrosity closely misses you.
The tentacled monstrosity constricts you.
* * * LOW HITPOINT WARNING * * *
The green draconian hits you from afar with a +0 trident!
* * * LOW HITPOINT WARNING * * *
You are too injured to fight recklessly!
You are too confused!
You don't know any spells.
You are too confused!
You open the tentacled monstrosity like a pillowcase!!!
Your headbutt misses the tentacled monstrosity.
The tentacled monstrosity is moderately wounded.
You slice the storm dragon!! You miss the death cob.
You barely miss the tentacled monstrosity.
You completely miss the orb of fire. You closely miss the storm dragon.
You carve the black draconian like a ham!!!!
You kill the black draconian!
Okawaru accepts your kill. The death cob barely misses you.
The storm dragon bites you but does no damage.
The storm dragon completely misses you.
The storm dragon tramples you but does no damage.
The storm dragon bites you but does no damage.
The storm dragon claws you but does no damage.
The storm dragon tramples you but does no damage.
The death cob hits you!
You die...

#. ##.$.## .#
#..##.....##...
...#.......#°..
.).....⌠...z..#
......⌠8>......
#.....yf..qf...
...#.dyqXf.#d..
. ##fX)Df## .
....##z@)##....
#..qz.X*Df.....
#.#.fddDdf....#
#....f.######
#..##### ###


You could see an orb of fire, 3 tentacled monstrosities, 3 storm dragons, a
green draconian (berserk), 3 draconians, 2 curse toes, a purple draconian
shifter, a death cob, a yellow draconian annihilator, a red draconian scorcher,
a ghost moth (invisible), 3 deathcaps, a moth of wrath and 6 wandering
mushrooms.

Vanquished Creatures
  3 juggernauts
  Josephina (Depths:2)
  The ghost of TuffENuff the Formicid Cataclysm, a veteran FoFi of Qazlal (Vaults:2)
  4 caustic shrikes
  Nikola (Vaults:1)
  7 golden dragons
  Jory (Vaults:5)
  The ghost of cdecastro the Sorcerer, an adept DrTm of Sif Muna (Depths:3)
  A Brimstone Fiend (Depths:4)
  A walking crystal tome (Depths:3)
  5 tentacled monstrosities
  Rupert (D:15)
  2 liches
  A walking earthen tome (Depths:4)
  3 quicksilver dragons
  2 deep elf blademasters
  2 deep elf master archers (Elf:3)
  5 titans
  11 sphinxes
  A walking divine tome (Depths:1)
  11 tengu reavers
  A death cob (Zot:1)
  Ilsuiw (Shoals:3)
  6 shadow dragons
  11 storm dragons
  A draconian monk (Depths:4)
  3 nagarajas
  3 iron dragons
  3 deep elf sorcerers (Elf:3)
  7 fire giants
  8 frost giants
  4 orc warlords
  16 vault wardens
  4 deep elf elementalists (Elf:3)
  2 balrugs
  2 spriggan defenders
  18 ironbound preservers
  2 draconian annihilators
  A juggernaut skeleton (Depths:1)
  12 very ugly things
  16 stone giants
  4 war gargoyles
  6 vampire knights
  A black draconian (Zot:1)
  A green draconian (Depths:4)
  8 ironbound thunderhulks
  8 deep elf demonologists
  3 purple draconians (Depths:4)
  13 spark wasps
  A yellow draconian (Depths:4)
  13 dire elephants
  10 deep elf annihilators
  13 ettins
  A blizzard demon (Depths:2)
  7 merfolk javelineers
  2 deep elf death magi (Elf:3)
  12 fire dragons
  2 crystal guardians (Vaults:4)
  6 great orbs of eyes
  11 merfolk impalers
  12 deep elf high priests
  15 yaktaur captains
  3 entropy weavers
  8 hydras
  2 caustic shrike simulacra (IceCv)
  2 rakshasas (Depths:1)
  Harold (Lair:1)
  42 vault guards
  5 merfolk avatars
  5 salamander tyrants
  8 ice dragons
  Fannar (Lair:2)
  2 ogre magi (Vaults:5)
  3 peacekeepers
  17 ironbound frosthearts
  6 spriggan air magi
  6 merfolk aquamancers
  9 centaur warriors
  9 anacondas
  5 satyrs
  2 boulder beetles
  2 catoblepae (D:15)
  2 alligator snapping turtles
  25 dancing weapons
  11 naga warriors
  2 vampire magi
  12 spriggan berserkers
  A two-headed ogre (D:12)
  18 tengu warriors
  8 deep troll shamans
  9 naga sharpshooters
  7 orc high priests
  A hell hog (Depths:2)
  9 deep troll earth magi
  7 shock serpents
  Urug (D:12)
  4 sun demons
  4 shadow wraiths
  6 salamander mystics (Snake:4)
  3 soul eaters (Depths:2)
  2 hell knights
  5 skysharks
  Nergalle (Lair:3)
  19 deep elf knights
  5 skeletal warriors
  2 quicksilver dragon simulacra (Depths:2)
  17 iron trolls
  6 sea snakes
  A storm dragon skeleton (Depths:1)
  9 naga ritualists
  57 deep trolls
  2 goliath frogs (Lair:5)
  3 glowing orange brains
  2 flayed ghosts
  A glowing orange brain (shapeshifter) (Depths:2)
  17 deep elf archers
  3 bog bodies (IceCv)
  8 phantasmal warriors
  29 harpies
  5 lindwurms (Vaults:3)
  36 deep elf pyromancers
  32 deep elf zephyrmancers
  9 wizards
  13 ironbound convokers
  A mana viper (shapeshifter) (Depths:4)
  A tengu skeleton (Depths:1)
  16 orc knights
  5 necromancers
  47 ugly things
  7 cyclopes
  8 mana vipers
  22 salamanders
  26 fauns
  5 orc sorcerers (Orc:1)
  16 manticores
  14 elephants (Lair:5)
  A manticore (shapeshifter) (Vaults:5)
  2 moths of wrath (Zot:1)
  6 water nymphs
  5 merfolk sirens
  6 guardian serpents
  A frost giant skeleton (Depths:1)
  26 black mambas
  21 vault sentinels
  A smoke demon (Depths:1)
  15 cane toads
  21 naga magi
  4 gargoyles
  3 kobold demonologists
  2 unseen horrors
  34 yaktaurs
  7 tengu conjurers
  5 ice devils
  2 rime drakes
  18 freezing wraiths
  8 komodo dragons
  4 anaconda simulacra (IceCv)
  A golden dragon simulacrum (IceCv)
  2 tyrant leeches (Lair:5)
  9 wind drakes
  3 trolls
  30 merfolk
  A shadow dragon simulacrum (Depths:2)
  A tengu simulacrum (Depths:2)
  A tarantella (Vaults:1)
  5 hornets
  A polar bear (Lair:5)
  28 blink frogs
  A frost giant simulacrum (Depths:2)
  8 dream sheep
  A snapping turtle (shapeshifter) (Vaults:4)
  34 slime creatures
  4 snapping turtles
  An ettin skeleton (Depths:1)
  A jumping spider (shapeshifter) (Vaults:5)
  A shadow (D:11)
  Sigmund (D:5)
  16 water elementals
  4 dire elephant simulacra (IceCv)
  An air elemental (Elf:2)
  8 spriggans
  5 wraiths
  6 wyverns
  25 yaks
  Grum (D:9)
  6 basilisks
  4 fire elementals
  2 minotaur simulacra (IceCv)
  Edmund (D:5)
  5 redbacks (Vaults:1)
  8 vampire mosquitoes
  6 wargs
  2 acid dragons (D:9)
  A harpy simulacrum (IceCv)
  A swamp worm (shapeshifter) (Vaults:4)
  63 nagas
  3 hydra simulacra (IceCv)
  20 water moccasins
  A swamp drake (Orc:1)
  41 orc warriors
  A black bear (Lair:4)
  4 alligator simulacra (IceCv)
  3 ettin simulacra
  15 ogres
  A phantom (D:5)
  12 centaurs
  6 wolves
  3 kobold brigands (D:11)
  A gnoll sergeant (D:6)
  17 bullfrogs
  3 scorpions
  3 earth elementals
  8 wights
  A deep troll simulacrum (IceCv)
  A lindwurm simulacrum (IceCv)
  19 killer bees
  4 electric eels
  3 howler monkeys (D:8)
  A crimson imp (Orc:1)
  An iron imp (Orc:1)
  37 orc priests
  Crazy Yiuf (D:5)
  9 hounds
  4 jellies
  5 iguanas
  26 orc wizards
  16 gnolls
  8 adders
  3 shadow imps
  3 white imps
  An ufetubus (D:7)
  2 worms
  2 dart slugs
  94 orcs
  7 ball pythons
  8 endoplasms
  4 giant cockroaches
  11 goblins
  8 hobgoblins
  3 jackals (D:1)
  8 quokkas
  11 bats
  4 frilled lizards
  12 kobolds
  8 rats
2013 creatures vanquished.

Vanquished Creatures (others)
  A dread lich (Vaults:5)
  Asterion (Elf:2)
  A fire giant (Depths:3)
  A red draconian (Depths:4)
  A tengu warrior (Depths:2)
  2 deep elf zephyrmancers (Elf:2)
  A golden dragon simulacrum (Depths:2)
  An orc priest (Orc:2)
  An orc wizard (Orc:1)
  2 orcs (Vaults:5)
  A kobold (Depths:4)
13 creatures vanquished.

Grand Total: 2026 creatures vanquished

Notes
Turn   | Place    | Note
-------+----------+-------------------------------------------
     0 | D:1      | Babbit the Minotaur Fighter began the quest for the Orb.
     0 | D:1      | Reached XP level 1. HP: 19/19 MP: 0/0
   132 | D:1      | Reached XP level 2. HP: 27/27 MP: 1/1
   427 | D:1      | Reached XP level 3. HP: 33/33 MP: 2/2
  1018 | D:2      | Found Fuphit's Weapon Boutique.
  1547 | D:2      | Reached XP level 4. HP: 37/40 MP: 3/3
  2093 | D:2      | Bought a +1 vampiric hand axe for 160 gold pieces
  2404 | D:4      | Found a staircase to the Ecumenical Temple.
  2434 | Temple   | Entered the Ecumenical Temple
  2566 | Temple   | Became a worshipper of Warmaster Okawaru
  2666 | D:4      | Reached XP level 5. HP: 31/47 MP: 2/4
  2675 | D:4      | Identified the +1 dagger of Welfare {venom, Drain rElec
                  | Will+ Int+3 Stlth+}
  2727 | D:4      | Reached skill level 5 in Axes
  2888 | D:4      | Reached XP level 6. HP: 34/53 MP: 3/5
  3030 | D:4      | Reached * piety under Okawaru
  3031 | D:4      | Reached skill level 5 in Armour
  3136 | D:4      | Found Xotum's Antique Armour Emporium.
  3136 | D:4      | Found Bedythre's Weapon Shop.
  3141 | D:4      | Found Somehive's Book Emporium.
  3141 | D:4      | Found Ecirephu's General Store.
  3383 | D:5      | Entered Level 5 of the Dungeon
  3383 | D:5      | Found a glowing drain.
  3406 | D:5      | Reached XP level 7. HP: 49/60 MP: 4/6
  3419 | Sewer    | Entered a sewer
  3459 | Sewer    | Reached skill level 5 in Fighting
  3459 | Sewer    | Reached skill level 1 in Dodging
  3569 | D:5      | Reached ** piety under Okawaru
  3667 | D:5      | Reached skill level 5 in Shields
  3981 | D:5      | Noticed Sigmund
  3986 | D:5      | Killed Sigmund
  3987 | D:5      | Reached XP level 8. HP: 68/69 MP: 7/7
  4004 | D:5      | Noticed Edmund
  4030 | D:5      | Killed Edmund
  4030 | D:5      | Reached *** piety under Okawaru
  4181 | D:5      | Identified the +4 scale mail of Experimentation {rCorr
                  | Int+3}
  4372 | D:5      | Found a runed translucent door.
  4373 | D:5      | Noticed Crazy Yiuf
  4381 | D:5      | Killed Crazy Yiuf
  4660 | D:5      | Found an opulent altar of Gozag.
  4961 | D:6      | Reached **** piety under Okawaru
  4962 | D:6      | Reached XP level 9. HP: 78/78 MP: 8/8
  5272 | D:6      | Reached skill level 10 in Axes
  6636 | D:8      | Reached skill level 1 in Throwing
  6846 | D:8      | Received a gift from Okawaru
  7146 | D:8      | Found a flagged portal.
  7153 | Bailey   | Entered a bailey
  7305 | Bailey   | Reached XP level 10. HP: 88/88 MP: 9/9
  7355 | Bailey   | Noticed a two-headed ogre
  7904 | D:9      | Identified 2 scrolls of acquirement
  7904 | D:9      | Acquired a manual of Fighting
  8087 | D:9      | Identified the +0 scale mail of Cheibriados's Hatred
                  | {Str+2}
  8218 | D:9      | Reached ***** piety under Okawaru
  8798 | D:9      | Identified the +8 broad axe of the Extremes {heavy, rN+
                  | Int+6 SInv} (Okawaru gifted it to you on level 9 of the
                  | Dungeon)
  8798 | D:9      | Received a gift from Okawaru
  8858 | D:9      | Noticed Grum
  8865 | D:9      | Killed Grum
  9144 | D:9      | Found a burning altar of Makhleb.
  9246 | D:10     | Entered Level 10 of the Dungeon
  9344 | D:10     | Found a portal to a secret trove of treasure.
  9376 | D:10     | Acquired 933 gold pieces
  9452 | D:10     | Reached skill level 10 in Shields
  9452 | D:10     | Reached XP level 11. HP: 83/99 MP: 7/10
  9460 | D:10     | Noticed a sixfirhy
  9691 | D:10     | Reached skill level 10 in Fighting
  9697 | D:10     | Reached skill level 10 in Armour
  9779 | D:10     | Found a staircase to the Lair.
  9987 | D:11     | Noticed a red ugly thing
  9995 | D:11     | Killed a red ugly thing
 10169 | D:11     | Reached skill level 5 in Dodging
 10316 | D:11     | Noticed a sun demon
 10939 | Lair:1   | Entered Level 1 of the Lair of Beasts
 11140 | Lair:1   | Noticed Harold
 11150 | Lair:1   | Killed Harold
 11150 | Lair:1   | Identified the +4 longbow "Dragon's Tongue" {flame, rPois
                  | rC+ rN+ Str-5} (Okawaru gifted it to you on level 1 of the
                  | Lair of Beasts)
 11150 | Lair:1   | Received a gift from Okawaru
 11150 | Lair:1   | Reached ****** piety under Okawaru
 11805 | Lair:2   | Noticed Fannar
 11910 | Lair:2   | Noticed a seven-headed hydra
 11931 | Lair:1   | Killed a three-headed hydra
 12105 | Lair:2   | Killed Fannar
 12106 | Lair:2   | Reached XP level 12. HP: 95/110 MP: 11/11
 12722 | Lair:3   | Noticed Nergalle
 12731 | Lair:3   | Killed Nergalle
 12732 | Lair:3   | Reached skill level 1 in Stealth
 12864 | Lair:3   | Identified the +0 chain mail of Zyr Huoxo {rCorr Int-2
                  | Dex-4 SInv} (Okawaru gifted it to you on level 3 of the
                  | Lair of Beasts)
 12864 | Lair:3   | Received a gift from Okawaru
 12999 | Lair:3   | Found a staircase to the Shoals.
 13155 | Lair:3   | Found a staircase to the Snake Pit.
 13739 | Lair:4   | Found a gate leading to a gauntlet.
 13832 | Lair:4   | Reached skill level 1 in Invocations
 13848 | Lair:4   | Acquired the +5 tower shield "Guapsef" {rElec Will++ Dex-4
                  | SInv}
 13874 | Lair:4   | Noticed a five-headed hydra
 13882 | Lair:4   | Killed a two-headed hydra
 13892 | Lair:4   | Reached skill level 15 in Axes
 14568 | Lair:5   | Entered Level 5 of the Lair of Beasts
 14761 | Lair:5   | Found a viscous altar of Jiyva.
 14789 | Lair:5   | Found a staircase to the Slime Pits.
 14839 | Lair:5   | Reached XP level 13. HP: 115/123 MP: 12/12
 15120 | Lair:5   | Received a gift from Okawaru
 15605 | Lair:5   | Reached skill level 15 in Fighting
 15626 | Lair:5   | Identified the +0 scale mail "Qal Ifof" {Drain rPois Str+5
                  | Int+3} (Okawaru gifted it to you on level 5 of the Lair of
                  | Beasts)
 15626 | Lair:5   | Received a gift from Okawaru
 16266 | Lair:5   | Identified the ring "Idoy" {rPois rF+ Str+2 Int+6 Stlth-}
 16684 | D:12     | Found a staircase to the Orcish Mines.
 16741 | D:12     | Identified the +2 war axe "Dapsol" {heavy, rC++ Will- SInv
                  | Stlth+}
 17145 | D:12     | Noticed Urug
 17151 | D:12     | Killed Urug
 17287 | Orc:1    | Entered Level 1 of the Orcish Mines
 17295 | Orc:1    | Reached XP level 14. HP: 120/136 MP: 11/14
 17535 | Orc:1    | Found the +0 mask of the Dragon {Will+ Slay+3 SInv}
 17539 | Orc:1    | Identified the +2 robe of Dustrynt {Regen+}
 17614 | Orc:1    | Noticed an orc warlord
 17625 | Orc:1    | Killed an orc warlord
 17675 | Orc:1    | Found Dehep's Jewellery Boutique.
 17794 | Orc:1    | Identified the +1 hat "Kesmyiho" {Harm Str+2 Int+2}
                  | (Okawaru gifted it to you on level 1 of the Orcish Mines)
 17794 | Orc:1    | Received a gift from Okawaru
 18279 | Orc:2    | Entered Level 2 of the Orcish Mines
 18299 | Orc:2    | Found Damoduaph's General Store.
 18895 | Orc:2    | Gained mutation: Your body sometimes deteriorates upon
                  | taking damage. [a neqoxec]
 18995 | Orc:2    | Bought a scroll of teleportation for 51 gold pieces
 19034 | Orc:2    | Found a staircase to the Elven Halls.
 19214 | Orc:2    | Found Kofue's Book Boutique.
 19215 | Orc:2    | Found Odan's Weapon Boutique.
 19216 | Orc:2    | Found Veppoyhu's General Store.
 19225 | Orc:2    | Found Akkiegeo's Antique Armour Shop.
 19274 | Orc:2    | Bought a runed ring mail for 182 gold pieces
 19277 | Orc:2    | Bought 2 potions of curing for 108 gold pieces
 19277 | Orc:2    | Bought a scroll of teleportation for 54 gold pieces
 19677 | Snake:1  | Entered Level 1 of the Snake Pit
 20006 | Snake:1  | Reached skill level 15 in Shields
 20599 | Snake:1  | Received a gift from Okawaru
 20645 | Snake:1  | Received a gift from Okawaru
 20648 | Snake:1  | Reached XP level 15. HP: 143/147 MP: 13/15
 21318 | Snake:2  | Noticed a nagaraja
 21333 | Snake:2  | Killed a nagaraja
 21524 | Snake:2  | Found Tipaeg's One-of-a-Kind Rings.
 21750 | Snake:2  | Received a gift from Okawaru
 22566 | Snake:3  | Identified the +3 plate armour "Liong" {Rampage rElec
                  | Dex+2}
 22729 | Snake:3  | Found Femmasm's General Store.
 22762 | Snake:3  | Bought a scroll of identify for 34 gold pieces
 23057 | Snake:3  | Found a shimmering blue altar of Sif Muna.
 23141 | Snake:4  | Entered Level 4 of the Snake Pit
 23204 | Snake:3  | Identified the +2 hat of Incorporation {Regen+} (Okawaru
                  | gifted it to you on level 3 of the Snake Pit)
 23204 | Snake:3  | Received a gift from Okawaru
 23427 | Snake:4  | Noticed a nagaraja
 23598 | Snake:4  | Killed a nagaraja
 23667 | Snake:4  | Reached XP level 16. HP: 151/157 MP: 15/17
 24560 | Snake:4  | Received a gift from Okawaru
 24571 | Snake:4  | Got a serpentine rune of Zot
 24716 | Snake:4  | Identified the +1 helmet of Dramatic Exits {rC+ Regen+
                  | Str-2}
 25501 | D:13     | Found Roockott's Distillery.
 25507 | D:13     | Identified the +1 plate armour of the Evil One {Harm rF+++
                  | rC- Str+2} (Okawaru gifted it to you on level 13 of the
                  | Dungeon)
 25507 | D:13     | Received a gift from Okawaru
 25538 | D:13     | Bought a potion of curing for 30 gold pieces
 25538 | D:13     | Bought a potion of heal wounds for 50 gold pieces
 25538 | D:13     | Bought a potion of heal wounds for 50 gold pieces
 26026 | D:14     | Found a gate to the Vaults.
 26768 | D:15     | Entered Level 15 of the Dungeon
 27038 | D:15     | Noticed Rupert
 27046 | D:15     | Killed Rupert
 27087 | D:15     | Found a frozen archway.
 27095 | IceCv    | Entered an ice cave
 27434 | IceCv    | Identified the +8 crystal plate armour "Cisirona" {Int-5
                  | Dex+4} (Okawaru gifted it to you in an ice cave)
 27434 | IceCv    | Received a gift from Okawaru
 27441 | IceCv    | Reached XP level 17. HP: 74/168 MP: 7/18
 27712 | IceCv    | Found an ancient bone altar of Kikubaaqudgha.
 28262 | D:15     | Found a staircase to the Depths.
 29641 | Shoals:1 | Entered Level 1 of the Shoals
 29652 | Shoals:1 | Reached skill level 10 in Dodging
 29790 | Shoals:1 | Reached skill level 1 in Evocations
 31352 | Shoals:2 | Identified the +19 crystal plate armour of the Vaults
                  | {-Cast Str+2 Slay+2} (Okawaru gifted it to you on level 2
                  | of the Shoals)
 31352 | Shoals:2 | Received a gift from Okawaru
 31578 | Shoals:2 | Acquired 1029 gold pieces
 32298 | Shoals:3 | Noticed Ilsuiw
 32310 | Shoals:3 | Killed Ilsuiw
 32704 | Shoals:3 | Received a gift from Okawaru
 33025 | Shoals:3 | Reached XP level 18. HP: 178/178 MP: 19/19
 33472 | Shoals:4 | Entered Level 4 of the Shoals
 33531 | Shoals:4 | Received a gift from Okawaru
 33542 | Shoals:4 | Reached skill level 15 in Armour
 33546 | Shoals:4 | Received a gift from Okawaru
 33643 | Shoals:4 | Received a gift from Okawaru
 33663 | Shoals:4 | Got a barnacled rune of Zot
 33793 | Shoals:4 | Identified the +11 great sword "Zeasegene" {speed, rN+}
 33931 | Shoals:4 | Found the +7 lajatang of Order {silver, rMut}
 34051 | Shoals:4 | Identified the +0 plate armour "Fuikudei" {-Cast rElec
                  | rN+++ Str+6}
 34110 | Shoals:4 | Found a flickering gateway to a bazaar.
 34124 | Bazaar   | Entered a bazaar
 34125 | Bazaar   | Found Enkegais's Antique Armour Boutique.
 34128 | Bazaar   | Found Bileoth's Magic Scroll Shop.
 34138 | Bazaar   | Bought a scroll of teleportation for 45 gold pieces
 34138 | Bazaar   | Bought a scroll of blinking for 112 gold pieces
 34138 | Bazaar   | Bought a scroll of teleportation for 45 gold pieces
 34138 | Bazaar   | Bought a scroll of teleportation for 45 gold pieces
 34154 | Bazaar   | Found Mexabbir's Book Emporium.
 34161 | Bazaar   | Found Soeng's Book Shop.
 34172 | Bazaar   | Found Risegoet's Magic Scroll Shop.
 34180 | Bazaar   | Bought a scroll of enchant armour for 67 gold pieces
 34221 | Shoals:4 | Got the Compendium of the Deep Freeze
 34475 | Shoals:4 | Found Ojiaha's Armour Shoppe.
 34845 | Vaults:1 | Entered Level 1 of the Vaults
 35225 | Vaults:1 | Received a gift from Okawaru
 35350 | Vaults:1 | Noticed Nikola
 35359 | Vaults:1 | Killed Nikola
 35705 | Vaults:1 | Identified the +2 chain mail "Pouciluz" {Dex+2 Stlth+}
                  | (Okawaru gifted it to you on level 1 of the Vaults)
 35705 | Vaults:1 | Received a gift from Okawaru
 35817 | Vaults:1 | Found Toacu's Distillery.
 35825 | Vaults:1 | Bought a potion of curing for 60 gold pieces
 35825 | Vaults:1 | Bought a potion of might for 80 gold pieces
 35825 | Vaults:1 | Bought a potion of lignification for 60 gold pieces
 35825 | Vaults:1 | Bought a potion of cancellation for 160 gold pieces
 36429 | Vaults:2 | Reached XP level 19. HP: 178/188 MP: 18/21
 36763 | Vaults:2 | Found a runed translucent gate.
 36763 | Vaults:2 | Found a runed translucent gate.
 36763 | Vaults:2 | Found a runed translucent gate.
 36764 | Vaults:2 | Noticed TuffENuff's ghost (veteran FoFi)
 36788 | Vaults:2 | Killed TuffENuff's ghost
 36796 | Vaults:2 | Identified the staff of fire "Petwex" {rPois rF+ Str+6}
 36803 | Vaults:2 | Identified the +6 scale mail of Faciew {Rampage rF+ rN+
                  | Slay-6}
 36887 | Vaults:2 | Reached skill level 5 in Invocations
 37148 | Vaults:2 | Received a gift from Okawaru
 37263 | Vaults:2 | Identified the +5 tower shield "Qivuha" {rCorr Int+3}
                  | (Okawaru gifted it to you on level 2 of the Vaults)
 37263 | Vaults:2 | Received a gift from Okawaru
 37540 | Vaults:2 | Found Sisour's Book Boutique.
 37571 | Vaults:2 | Found a staircase to the Crypt.
 38761 | Vaults:3 | Reached XP level 20. HP: 200/200 MP: 23/23
 38801 | Vaults:3 | Received a gift from Okawaru
 38937 | Vaults:3 | Found Nul Bab's Weapon Emporium.
 39106 | Vaults:3 | Acquired 819 gold pieces
 39916 | Vaults:4 | Found Idibutwo's Jewellery Shoppe.
 39941 | Vaults:4 | Bought the amulet "Laofoa" {Reflect Str+2 Dex+3 SH+5} for
                  | 712 gold pieces
 40092 | Vaults:4 | Identified the +6 quarterstaff of Melee {speed, SInv}
 40225 | Vaults:4 | Found Myor's Jewellery Shop.
 40226 | Vaults:4 | Found Soboyfur's Weapon Emporium.
 40303 | Vaults:4 | Found Baucain's Armour Shoppe.
 40684 | Vaults:4 | Found Atrueloch's Antique Armour Shop.
 40687 | Vaults:4 | Bought a runed plate armour for 806 gold pieces
 40763 | Vaults:5 | Entered Level 5 of the Vaults
 40845 | Vaults:4 | Identified the +0 kite shield of Untruth {rElec Will-
                  | Str+3} (Okawaru gifted it to you on level 4 of the Vaults)
 40845 | Vaults:4 | Received a gift from Okawaru
 41724 | Vaults:5 | Reached XP level 21. HP: 178/211 MP: 19/24
 42219 | Vaults:5 | Noticed a golden dragon
 42229 | Vaults:4 | Killed a golden dragon
 42231 | Vaults:4 | Identified the +0 chain mail "Utifunn" {Harm rF+ SInv}
                  | (Okawaru gifted it to you on level 4 of the Vaults)
 42231 | Vaults:4 | Received a gift from Okawaru
 42807 | Vaults:5 | Noticed Jory
 42815 | Vaults:5 | Killed Jory
 42961 | Vaults:5 | Got a silver rune of Zot
 42969 | Vaults:5 | Identified the staff of death "Orow" {rN+ Will- rCorr Str+3
                  | Stlth+}
 43054 | Vaults:5 | Noticed a dread lich
 43061 | Vaults:5 | Killed a dread lich
 43111 | Vaults:5 | Found Goul's Antique Armour Boutique.
 43111 | Vaults:5 | Found Doryqu's Antique Armour Shoppe.
 43263 | Vaults:5 | Noticed a golden dragon
 43269 | Vaults:5 | Killed a golden dragon
 43370 | Vaults:5 | Identified the +3 mace "Grim Tooth" {freeze, rN+ rCorr
                  | Dex+3}
 44084 | D:10     | You paid a toll of 5 potions of resistance to enter a
                  | treasure trove
 44085 | Trove    | Entered a treasure trove
 44092 | Trove    | Identified the scarf "Yblinky" {harm, Drain rPois rC++
                  | Will+}
 44108 | Trove    | Identified the amulet "Vafref" {Reflect *Corrode Int+8
                  | Dex+4 SH+5}
 44111 | Trove    | Identified the ring "Umetohaa" {Wiz Str+3}
 44329 | Depths:1 | Entered Level 1 of the Depths
 44460 | Elf:1    | Entered Level 1 of the Elven Halls
 44543 | Elf:1    | Received a gift from Okawaru
 45641 | Elf:2    | Paralysed by an air elemental for 1 turns
 45643 | Elf:2    | Paralysed by an air elemental for 1 turns
 45646 | Elf:2    | Paralysed by an air elemental for 1 turns
 45748 | Elf:2    | Found a huge runed translucent gate.
 45748 | Elf:2    | Found a huge runed translucent gate.
 45748 | Elf:2    | Found a huge runed translucent gate.
 45748 | Elf:2    | Found a huge runed translucent gate.
 45754 | Elf:2    | Found a huge runed translucent gate.
 45849 | Elf:2    | Reached XP level 22. HP: 215/223 MP: 21/25
 45870 | Elf:2    | Found Wilatimm's General Store.
 45874 | Elf:2    | Found Zalu's Antique Weapon Shoppe.
 45963 | Elf:2    | Received a gift from Okawaru
 46242 | Elf:2    | Noticed Asterion
 46246 | Elf:2    | Killed Asterion
 46606 | Elf:3    | Entered Level 3 of the Elven Halls
 46614 | Elf:3    | Identified the +5 ring mail "Fyhipnat" {+Inv Will+ MP+9
                  | SInv}
 46624 | Elf:3    | Received a gift from Okawaru
 46986 | Elf:3    | Reached skill level 27 in Shields
 47593 | Elf:3    | Identified the +9 long sword of the Extremes {venom, rN+
                  | Will++ MP-9 Dex+2}
 47634 | Elf:3    | Identified the +5 scale mail "Foekhyr" {Int+2 Dex-2 Slay+3}
 47636 | Elf:3    | Identified the +6 long sword of Taxation {pain, *Slow rPois
                  | rF+ Int+7}
 47638 | Elf:3    | Identified the +7 halberd "Watris" {flame, rElec rCorr
                  | Str+3}
 47638 | Elf:3    | Identified the +0 leather armour of Devotion {Drain Fly
                  | Regen+ Str+6}
 47640 | Elf:3    | Identified the +11 great mace of Cunim {protect, Contam
                  | MP+9 Str+4}
 47710 | Elf:3    | Identified the +7 rapier of Valiance {elec, +Blink rC++
                  | rN+++ Dex-5}
 47913 | Elf:3    | Identified the staff of poison "Osisiral" {rPois rC+ Str+3
                  | Int+2}
 48378 | Depths:1 | You fall into a shaft and drop 1 floor!
 48378 | Depths:2 | Found a shadowy altar of Dithmenos.
 48390 | Depths:2 | Received a gift from Okawaru
 48595 | Depths:2 | Identified the +2 cloak "Amishre" {rPois}
 48605 | Depths:2 | Found a burning altar of Makhleb.
 48786 | Depths:2 | Noticed a golden dragon
 48791 | Depths:2 | Identified the +1 ring mail of the Guardian {*Slow rPois
                  | rC+ Str+5}
 48794 | Depths:2 | Received a gift from Okawaru
 48797 | Depths:2 | Killed a golden dragon
 48802 | Depths:2 | Reached XP level 23. HP: 168/230 MP: 16/27
 48802 | Depths:2 | Received a gift from Okawaru
 48966 | Depths:2 | Found a basalt altar of Yredelemnul.
 48966 | Depths:2 | Found a one-way gate leading to the halls of Pandemonium.
 49168 | Depths:2 | Identified the staff of earth "Lilluora" {Str+5 Dex+3}
 49245 | Depths:2 | Received a gift from Okawaru
 49275 | Depths:2 | Identified the +1 pair of boots of Parts Unknown {Rampage
                  | *Slow rElec}
 49307 | Depths:2 | Identified the ring "Dipsih" {Ice Dex+2}
 49307 | Depths:2 | Noticed Josephina
 49317 | Depths:2 | Killed Josephina
 49693 | Depths:2 | Found a glowing golden altar of the Shining One.
 49693 | Depths:2 | Found a gateway to Hell.
 49727 | Depths:2 | Noticed a caustic shrike
 49728 | Depths:2 | Noticed a caustic shrike
 49728 | Depths:2 | Noticed a caustic shrike
 49732 | Depths:2 | Killed a caustic shrike
 49739 | Depths:2 | Killed a caustic shrike
 49739 | Depths:2 | Killed a caustic shrike
 50196 | Depths:3 | Found a large runed translucent door.
 50196 | Depths:3 | Found a large runed translucent door.
 50254 | Depths:3 | Found the +3 hat of Pondering {ponderous, Will+ MP+10
                  | Int+5}
 50760 | Depths:3 | Noticed cdecastro's ghost (adept DrTm)
 50776 | Depths:3 | Killed cdecastro's ghost
 50798 | Depths:3 | Got the Secrets of the Doomed Wyrd
 50825 | Depths:3 | Noticed a caustic shrike
 50831 | Depths:3 | Killed a caustic shrike
 50902 | Depths:3 | Reached skill level 27 in Axes
 50991 | Depths:3 | Found Toganuzusk's Jewellery Emporium.
 50991 | Depths:3 | Found Kefa's Book Boutique.
 50992 | Depths:3 | Found Jothan's Jewellery Emporium.
 51076 | Depths:3 | Found a one-way gateway to a ziggurat.
 51228 | Depths:3 | Found a glowing silver altar of Zin.
 51302 | Depths:3 | Acquired the +3 hat of Broken Taboos {rCorr Int+3}
 51331 | Depths:3 | Found a one-way gate to the infinite horrors of the Abyss.
 51361 | Depths:4 | Entered Level 4 of the Depths
 51370 | Depths:4 | Reached skill level 27 in Fighting
 51382 | Depths:4 | Received a gift from Okawaru
 51552 | Depths:4 | Received a gift from Okawaru
 51559 | Depths:4 | Reached XP level 24. HP: 106/249 MP: 15/27
 52086 | Depths:4 | Found a gate to the Realm of Zot.
 52711 | Depths:4 | Noticed a juggernaut
 52722 | Depths:4 | Killed a juggernaut
 52991 | Depths:4 | Found a shimmering altar of Xom.
 53389 | Depths:1 | Received a gift from Okawaru
 53404 | Depths:1 | Noticed a juggernaut
 53408 | Depths:1 | Noticed a juggernaut
 53412 | Depths:1 | Killed a juggernaut
 53420 | Depths:1 | Killed a juggernaut
 53429 | Depths:1 | Received a gift from Okawaru
 53521 | Depths:1 | Found a burning altar of Makhleb.
 53726 | Depths:1 | Identified the +10 hand axe of Zaamegoll {speed, rC- Will-
                  | Dex+5 Stlth+}
 53753 | Depths:1 | Received a gift from Okawaru
 54093 | Depths:1 | Found Arilae's Weapon Shop.
 54098 | Depths:1 | Found Ehoutient's Jewellery Shop.
 54105 | Depths:1 | Bought the ring "Zypykuk" {Drain rF+ rC+ rCorr Int+3} for
                  | 543 gold pieces
 54120 | Depths:1 | Received a gift from Okawaru
 54310 | Depths:1 | Found a sacrificial altar of Ru.
 54457 | Depths:1 | Found a corrupted altar of Lugonu.
 54626 | Zot:1    | Entered Level 1 of the Realm of Zot
 54626 | Zot:1    | Noticed an orb of fire
 54630 | Zot:1    | Gained mutation: You are resistant to electric shocks.
                  | (rElec) [an orb of fire]
 54635 | Zot:1    | Gained mutation: You sometimes lose your temper in combat.
                  | [an orb of fire]
 54639 | Zot:1    | HP: 4/249 [green draconian/+0 trident (13)]
 54640 | Zot:1    | Slain by a death cob

Illustrated notes

Levels and vault maps discovered:
D:1:      spicycebolla_arrival_clurvy, layout_basic
D:2:      layout_basic, serial_shops, nicolae_shop_bloodbath_and_beyond
D:3:      layout_rooms
D:4:      layout_loops_ring, temple_fountains, nicolae_wooded_promenade
D:5:      layout_rooms, marbit_many_paths, gup_sewer_entry_glass,
          minmay_divided_ellipse, uniq_edmund, uniq_crazy_yiuf_cottage,
          uniq_sigmund
D:6:      layout_loops_corners
D:7:      layout_basic
D:8:      layout_basic, enter_bailey_3, kennysheep_decorative_pillar,
          kennysheep_generic_room_13
D:9:      layout_loops_ring, nicolae_overflow_hidden_temple, uniq_grum
D:10:     layout_rooms, lair_entry_dummy, enter_trove_6
D:11:     layout_loops_corners, grunt_ministairs_9
D:12:     layout_roguey, david_orc_2, uniq_urug
D:13:     layout_rooms, serial_shops, shop
D:14:     layout_irregular_city, david_vaults_5, nicolae_figureground_sparkle,
          wad_woods_river_04
D:15:     grunt_enter_depths_hoard, layout_basic, roderic_serpentine_path,
          portal_ice_cave_entry_pillars_three, minmay_circle_x, uniq_rupert
Temple:   nicolae_temple_slightly_damp_pantheon
Lair:1:   layout_regular_city, uniq_harold
Lair:2:   beargit_carnivore_pack, layout_hall_layers,
          chequers_serial_rivers_small_b, serial_bayou_shore_b, uniq_fannar
Lair:3:   layout_misc_corridors, elwin_shoals_entry_rooms,
          guppyfry_snake_entry_garden, chequers_serial_rivers_room_b,
          lemuel_fruit_tree, uniq_nergalle
Lair:4:   layout_cellular_growth, gauntlet_entry_generic
Lair:5:   minmay_lair_end_frog_pond, layout_cave_pods,
          minmay_slime_entry_pillars, chequers_serial_rivers_small_a
Shoals:1: layout_shoals, nicolae_shoals_mertower
Shoals:2: layout_shoals, nicolae_shoals_pincushion_passage
Shoals:3: layout_shoals, uniq_ilsuiw
Shoals:4: shoals_end_grunt_garden, layout_shoals, serial_shops, bzr_entry_safe,
          shop_statue
Snake:1:  layout_basic, eino_curves_02, nicolae_snake_bzzzt
Snake:2:  layout_basic, st_stairs_5, nicolae_snake_gridmaze_big_u,
          nicolae_shop_unique_rings
Snake:3:  layout_misc_corridors, serial_shops, nicolae_shop_tiny_waterfront,
          basic_altar
Snake:4:  johnstein_snake_rune_scales, layout_onion
Orc:1:    nicolae_orc_accident_1, layout_caves, basic_altar, serial_shops,
          shop_statue, hangedman_minor_magic
Orc:2:    st_orc_mages, layout_caves, basic_altar, serial_shops,
          nicolae_shop_tiny_statue_garden
Elf:1:    minmay_elf_arrival_summoners, layout_gridlike, hangedman_elf_represent
Elf:2:    elven_hall_of_blades_hangedman_alternative
          [mumra_blade_entry_bloodbath], layout_geoelf_diagonals,
          minmay_shoptagon, lemuel_elevator, uniq_asterion
Elf:3:    minmay_elf_hall_not_hex, layout_geoelf_octagon
Vaults:1: mu_enter_wizlab_1, grunt_vaults_twisty, v_misc_29,
          hangedman_vaults_stream, vaults_dpeg_ring, nicolae_vaults_tangram_2,
          layout_vaults_omnigrid, serial_shops,
          nicolae_shop_pleasant_corner_grove, uniq_nikola
Vaults:2: ebering_ghost_rock_garden, nicolae_vaults_diagonal_hallway_6,
          nicolae_vaults_storage_closets_2, nicolae_vaults_circle_grid_b,
          nicolae_vaults_diffraction_hallways, hangedman_vaults_maws,
          vaults_room_door_ring, v_pattern_2, ontoclasm_vaults_decontamination,
          minmay_crypt_entry_simple_statues, nicolae_vaults_more_shelving_1,
          v_rooms_3, nicolae_vaults_little_squares_4,
          nicolae_vaults_doubleplus_tesselated, layout_vaults_maze_snakey,
          serial_shops, shop
Vaults:3: vaults_room_fours, hangedman_vaults_stagger, nicolae_vaults_network_s,
          nicolae_vaults_asterisk, nicolae_vaults_shelves_hall,
          nicolae_vaults_windows_and_doors_thing, nicolae_vaults_theta,
          nicolae_vaults_angled_halls, nicolae_vaults_mitosis,
          vaults_dpeg_diagonal, dpeg_vaults_monster_box,
          vaults_room_stairs_pillars, special_room_vaults [special_room_orc],
          layout_vaults_chaotic_city, serial_shops, shop
Vaults:4: v_pattern_4, vaults_mumra_hex, hangedman_vaults_hat, v_misc_16,
          v_misc_8, ontoclasm_vaults_tryst, hangedman_vaults_impose,
          nicolae_vaults_tetromino_Z_1, v_alt_pattern_6,
          nicolae_vaults_little_squares_4, vaults_dpeg_doors, vaults_room_pool,
          layout_vaults_omnibox, serial_shops, nicolae_shop_behind_doors,
          nicolae_lakefront_shop, nicolae_shop_stone, shop,
          nicolae_shop_tiny_real_fake_doors
Vaults:5: uniq_jory
Depths:1: minmay_dotted_concentric_squares, layout_gridlike,
          abyss_entry_flame_altar, lemuel_tele_altar, lightli_too_deep,
          minmay_tree_intersection, nicolae_ru_great_annihilating_truth,
          minmay_shop_star
Depths:2: grunt_profane_halls [grunt_profane_temple_geh,
          grunt_profane_temple_coc, grunt_profane_temple_dis,
          grunt_profane_temple_tar, grunt_profane_loot], hell_entry, pan_entry,
          uniq_josephina
Depths:3: minmay_chopped_fan, layout_cross, enter_ziggurat_e, abyss_entry,
          hell_entry, zin_angel, ebering_ghost_disaster_area, minmay_shop_grove,
          serial_bayou_shore_b, serial_bayou_shore_a
Depths:4: grunt_zot_entry_tricorne, layout_cave_pools, grunt_hell_entry_dis_mu,
          minivault_11, eino_tiny_chamber, tgw_xom
Zot:1:    layout_twisted_circle, evilmike_ambush [evilmike_ambush_outer_corners,
          evilmike_ambush_inner_basic]

Skill      XL: |  1  2  3  4  5  6  7  8  9 10 11 12 13 14 15 16 17 18 19 20 21 22 23 24 |
---------------+-------------------------------------------------------------------------+-----
Shields        | 4 5 6 10 12 13 15 17 19 21 22 24 25 26 27 | 27.0
Armour         | 4 5 6 8 9 11 12 13 14 15 16 17 18 20 23 | 23.2
Fighting       | 4 5 6 8 9 11 13 15 17 18 19 20 22 23 24 25 27 | 27.0
Axes           | 3 4 5 6 8 9 11 12 14 15 17 18 19 20 21 22 23 24 25 27 | 27.0
Dodging        | 1 3 4 5 6 7 8 9 10 | 10.3
Throwing       | 1 3 4 |  4.0
Stealth        | 1 2 3 4 |  4.3
Invocations    | 1 2 3 4 5 6 7 8 |  8.3
Evocations     | 1 2 3 |  3.5

Action                     |  1- 3 |  4- 6 |  7- 9 | 10-12 | 13-15 | 16-18 | 19-21 | 22-24 || total
---------------------------+-------+-------+-------+-------+-------+-------+-------+-------++-------
  Melee: War axe           |    72 |    28 |       |     9 |    25 |    69 |       |       ||   203
         Headbutt          |    10 |    21 |    89 |    65 |    97 |   208 |   211 |   210 ||   911
         Hand axe          |       |   115 |   382 |   215 |       |       |       |       ||   712
         Broad axe         |       |       |       |   246 |   578 |   762 |   877 |   852 ||  3315
  Throw: Javelin           |       |       |     8 |     9 |     2 |     1 |       |       ||    20
         Boomerang         |       |       |       |       |     4 |     1 |       |       ||     5
 Invoke: Heroism           |       |       |       |     6 |    14 |    11 |     3 |       ||    34
         Finesse           |       |       |       |       |     2 |     5 |     8 |     9 ||    24
  Evoke: Wand              |       |       |       |     3 |     3 |     8 |    10 |     8 ||    32
         Condenser vane    |       |       |       |       |     2 |     2 |       |       ||     4
    Use: Scroll            |       |     8 |     3 |    18 |     9 |    10 |     2 |     3 ||    53
         Potion            |       |       |     1 |     6 |     3 |     4 |     2 |     6 ||    22
   Stab: Confused          |       |       |       |       |     1 |     2 |       |       ||     3
         Petrifying        |       |       |       |       |       |     2 |       |       ||     2
         Petrified         |       |       |       |       |       |     1 |       |       ||     1
         Distracted        |       |       |       |       |       |       |       |     2 ||     2
         Paralysed         |       |       |       |       |       |       |       |     1 ||     1
 Armour: Scale mail        |    18 |       |   105 |   182 |   181 |   114 |       |       ||   600
         Plate armour      |    27 |    66 |    93 |       |    57 |    68 |       |       ||   311
         Crystal plate arm |       |       |       |       |       |   254 |   486 |   471 ||  1211
  Dodge: Dodged            |    28 |    48 |   124 |   163 |   188 |   244 |   183 |   193 ||  1171
  Block: Buckler           |    16 |    24 |    70 |       |       |       |       |       ||   110
         Tower shield      |       |       |    16 |   424 |   803 |  1186 |  1054 |   960 ||  4443
